 Dungeon Crawl Stone Soup version 0.29-a0-542-g075992c915 (webtiles) character file.

Game seed: 8826397166027156406

73 zemptime the Skirmisher (level 4, -4/40 HPs)
             Began as a Draconian Berserker on June 4, 2022.
             Was a Believer of Trog.
             Succumbed to a scorpion's poison
             ... on level 4 of the Dungeon.
             The game lasted 00:19:15 (1148 turns).

zemptime the Skirmisher (Draconian Berserker)       Turns: 1148, Time: 00:19:16

Health: -4/40      AC:  5    Str: 20 (21) XL:     4   Next: 8%
Magic:  4/4        EV: 12    Int:  6 (8)  God:    Trog [**....]
Gold:   139        SH:  0    Dex:  9 (10) Spells: 3/3 levels left

rFire   . . .      SeeInvis .   a - +0 hand axe (vorpal)
rCold   . . .      Faith    .   (no shield)
rNeg    . . .      Spirit   .   (body armour unavailable)
rPois   .          Reflect  .   (helmet restricted)
rElec   .          Harm     .   (no cloak)
rCorr   .          Rampage  .   (no gloves)
Will    .....                   (no boots)
Stlth   +.........              (no amulet)
HPRegen 0.13/turn               (no ring)
MPRegen 0.09/turn               (no ring)

@: lethally poisoned (-4 -> -32)
A: AC +5, unfitting armour, cold-blooded
a: Renounce Religion, Berserk, Trog's Hand


You were on level 4 of the Dungeon.
You worshipped Trog.
Trog was pleased with you.
You visited 1 branch of the dungeon, and saw 4 of its levels.

You collected 139 gold pieces.

Inventory:

Hand Weapons
 a - a +0 vorpal hand axe (weapon)
Missiles
 c - 26 stones (quivered)
 i - 3 curare-tipped darts
 k - 3 poisoned darts
Armour
 d - a +0 chain mail
 g - a +0 ring mail
 h - a +0 robe
Magical Staves
 f - a staff of cold
Scrolls
 e - 2 scrolls of identify
 j - a scroll of poison
 l - a scroll of magic mapping {unknown}
Potions
 b - a potion of cancellation
 m - a potion of might


   Skills:
 + Level 4.1 Fighting
 + Level 3.7 Axes
 + Level 3.4 Dodging


You had 3 spell levels left.
You didn't know any spells.
Your spell library contained the following spells:

 Spells                   Type           Power      Damage    Failure   Level
 Magic Dart               Conj           0%         1d3       45%         1
 Call Imp                 Summ           0%         N/A       58%         2
 Sublimation of Blood     Necr           0%         N/A       58%         2
 Wereblood                Tmut           0%         N/A       58%         2
 Mephitic Cloud           Conj/Pois/Air  0%         N/A       83%         3
 Summon Hydra             Summ           0%         N/A       100%        7


Dungeon Overview and Level Annotations

Branches:
Dungeon (4/15)
 Temple: D:4-7

Altars:


Innate Abilities, Weirdness & Mutations

Your plain brown scales are hard. (AC +5)
You cannot fit into any form of body armour.
You are cold-blooded and may be slowed by cold attacks.


Message History

You tail-slap the scorpion, but do no damage.
The scorpion is moderately wounded.
The scorpion barely misses you.
You barely miss the scorpion.
You tail-slap the scorpion, but do no damage.
The scorpion is moderately wounded.
The scorpion stings you.
You hit the scorpion.
The scorpion is heavily wounded.
The scorpion closely misses you. The scorpion stings you.
You barely miss the scorpion.
You tail-slap the scorpion, but do no damage.
The scorpion is moderately wounded.
The scorpion stings you.
You are poisoned.
The scorpion poisons you!
You hit the scorpion but do no damage. You tail-slap the scorpion.
The scorpion is heavily wounded.
You feel sick. The scorpion stings you.
You are more poisoned.
The scorpion poisons you!
You closely miss the scorpion.
Your tail-slap misses the scorpion.
The scorpion is heavily wounded.
You feel very sick. The scorpion barely misses you. x2
You hit the scorpion.
The scorpion is heavily wounded.
You feel very sick. The scorpion stings you.
You are lethally poisoned!
The scorpion poisons you!
You closely miss the scorpion.
The scorpion is heavily wounded.
* * * LOW HITPOINT WARNING * * *
You feel very sick. The scorpion stings you!
* * * LOW HITPOINT WARNING * * *
You are more poisoned.
The scorpion poisons you!
You die...

### ####### ....
#<....### #....
###.....####.....
###.....#.....#
###@.s.....#
###$....##
#........#
#.....#....
#.....####..
#.....## #
#......# #.######
#.


You could see a scorpion.

Vanquished Creatures
  4 adders
  A worm (D:2)
  A ball python (D:3)
  3 bats
  2 goblins (D:1)
  6 hobgoblins
  5 jackals
  2 quokkas (D:1)
  3 frilled lizards
  3 kobolds
  2 rats (D:2)
32 creatures vanquished.

Notes
Turn   | Place    | Note
-------+----------+-------------------------------------------
     0 | D:1      | zemptime the Draconian Berserker began the quest for the
                  | Orb.
     0 | D:1      | Reached XP level 1. HP: 19/19 MP: 1/1
   133 | D:1      | Reached XP level 2. HP: 20/26 MP: 2/2
   543 | D:2      | Reached XP level 3. HP: 29/33 MP: 3/3
   697 | D:2      | Reached skill level 4 in Fighting
   712 | D:2      | Reached ** piety under Trog
  1018 | D:3      | Reached XP level 4. HP: 40/40 MP: 4/4
  1134 | D:4      | Noticed a scorpion
  1147 | D:4      | HP: 2/40 [scorpion (7)]
  1148 | D:4      | Succumbed to a scorpion's poison

Illustrated notes

Levels and vault maps discovered:
D:1:      dpeg_arrival_water_temple_mockup, layout_loops_ring,
          ebering_ecumenical_altar_hall, feat_on_display
D:2:      layout_rooms, chequers_serial_rivers_marsh,
          minmay_misc_feat_diagonals, kennysheep_generic_room_5
D:3:      layout_basic, lemuel_doored_altar
D:4:      layout_basic, mainiacjoe_overflow_cross_hatched,
          nicolae_wu_jian_glorious_leap, yredelemnul_altar_generic,
          elyvilon_altar_3, serial_shops, nicolae_lakefront_shop,
          minmay_crossroads

Skill      XL: |  1  2  3 |
---------------+----------+-----
Dodging        | 3 |  3.4
Fighting       | 4 |  4.1
Axes           | |  3.7

Action                   |  1- 3 |  4- 6 || total
-------------------------+-------+-------++-------
Melee: Hand axe          |   100 |    11 ||   111
       Tailslap          |     4 |     4 ||     8
  Use: Scroll            |     4 |     2 ||     6
       Potion            |     2 |       ||     2
Armor: Skin              |    34 |     4 ||    38
Dodge: Dodged            |    78 |    13 ||    91

Table legend: (Time is in decaauts)
 A = Elapsed time spent in this place.
 B = Non-inter-level travel time spent in this place.
 C = Inter-level travel time spent in this place.
 D = Time resting spent in this place.
 E = Time spent auto-exploring this place.
 F = Levels seen in this place.
 G = Mean time per level.
                   A        B        C        D        E       F      G
               +--------+--------+--------+--------+--------+-----+--------+
         Total |   1166 |   1123 |     43 |      0 |      0 |   4 |  291.5 |
       Dungeon |   1166 |   1123 |     43 |      0 |      0 |   4 |  291.5 |
               +--------+--------+--------+--------+--------+-----+--------+

Top non-repeatable levels by time:
     D:2: 577 daAuts
     D:1: 307 daAuts
     D:3: 255 daAuts
     D:4: 25 daAuts
